 Dungeon Crawl Stone Soup version 0.28-a0-834-g1a73be5ee4 (webtiles) character file.

Game seed: 15790836988381159173

9 Essalna the Firebug (level 2, 19/19 HPs)
             Began as a Demonspawn Fire Elementalist on Nov 11, 2021.
             Got out of the dungeon alive.
             The game lasted 00:00:55 (529 turns).

Essalna the Firebug (Demonspawn Fire Elementalist)   Turns: 529, Time: 00:00:56

Health: 19/19      AC:  2    Str:  8    XL:     2   Next: 3%
Magic:  5/5        EV: 12    Int: 16    God:
Gold:   0          SH:  0    Dex: 13    Spells: 4/5 levels left

rFire   . . .      SeeInvis .   c - +0 spear
rCold   . . .      Faith    .   (no shield)
rNeg    . . .      Spirit   .   a - +0 robe
rPois   .          Reflect  .   (no helmet)
rElec   .          Harm     .   (no cloak)
rCorr   .          Rampage  .   (no gloves)
Will    .....                   (no boots)
Stlth   ++........              (no amulet)
HPRegen 0.06/turn               (no ring)
MPRegen 0.09/turn               (no ring)

@: no status effects
A: weakness stinger 1
a: no special abilities


You escaped.
You visited 1 branch of the dungeon, and saw 1 of its levels.

Inventory:

Hand Weapons
 c - a +0 spear (weapon)
Armour
 a - a +0 robe (worn)
Scrolls
 b - a scroll of torment {unknown}


   Skills:
 - Level 1.7 Dodging
 - Level 1.7 Stealth
 + Level 2.2 Spellcasting
 + Level 1.4 Conjurations
 + Level 2.9 Fire Magic


You had 4 spell levels left.
You knew the following spells:

 Your Spells              Type           Power      Damage    Failure   Level
a - Foxfire               Conj/Fire      32%        2x1d5     9%          1

Your spell library contained the following spells:

 Spells                   Type           Power      Damage    Failure   Level
 Scorch                   Fire           22%        2d6       10%         2
 Conjure Flame            Conj/Fire      8%         6-21      26%         3
 Corpse Rot               Necr/Air       2%         N/A       30%         2
 Inner Flame              Hex/Fire       6%         N/A       32%         3
 Flame Wave               Conj/Fire      8%         3d4       63%         4
 Dispel Undead            Necr           1%         3d6       90%         4
 Death Channel            Necr           0%         N/A       100%        6


Dungeon Overview and Level Annotations

Branches:
Dungeon (1/15)

Altars:


Innate Abilities, Weirdness & Mutations

You have a small tail.


Message History

You kill the bat!
You reach to attack!
You closely miss the bat.
The foxfire hits the bat.
The bat is heavily wounded.
The bat hits you.
You reach to attack!
You miss the bat.
The bat is heavily wounded.
The bat hits you but does no damage.
You hit the bat but do no damage.
The bat is heavily wounded.
The bat closely misses you.
You reach to attack!
You hit the bat.
You kill the bat!
Unknown command.
You conjure some foxfire!
You barely miss the frilled lizard.
The foxfire hits the frilled lizard.
You kill the frilled lizard!
No target in view!
Your foxfire dissipates!
You see here a bat corpse.
You pick up a book of Decay and begin reading...
You add the spells Corpse Rot, Dispel Undead and Death Channel to your library.
Found a falchion.
A kobold comes into view. It is wielding a +0 dagger.
You see here a +0 falchion.
You conjure some foxfire!
You conjure some foxfire!
The kobold shouts!
The foxfire hits the kobold.
You kill the kobold!
You have reached level 2!
Your demonic ancestry asserts itself...
You grow a small tail.
Your foxfire dissipates! x2
You see here a +0 falchion.
You see here a bat corpse.
You see here a bat skeleton.
There is an open door here.
There is a staircase leading out of the dungeon here.
Are you sure you want to leave the Dungeon?
This will make you lose the game!
You have escaped!

#####.# #.#.....###########.#
#...#.# #.#.###.#....######.##
#.#.#.###.#.##.....#.#....#..#
#.#.#.....#.##.##..#.#.##.##.###
#.#......................÷......
#.#########.##.###.....#..##..##
#.#..##........# ###########...#
#.#..##.########## #.#.#
#.#..##.##...##@.# #.#.#
##'#.....##...##.(# #.#.#
#.........#'####..# #.#..
#.......÷...####..# #.##.
#.......##.....##'# #.##.
#.......###.......### .. ##
#.......# ###+#.....# #
#.......# #+#...# # #########
###.#


There were no monsters in sight!

Vanquished Creatures
  An endoplasm (D:1)
  A kobold (D:1)
  A quokka (D:1)
  3 bats (D:1)
  2 frilled lizards (D:1)
  A rat (D:1)
9 creatures vanquished.

Vanquished Creatures (others)
  23 foxfires (D:1)
23 creatures vanquished.

Grand Total: 32 creatures vanquished

Notes
Turn   | Place    | Note
-------+----------+-------------------------------------------
     0 | D:1      | Essalna the Demonspawn Fire Elementalist began the quest
                  | for the Orb.
     0 | D:1      | Reached XP level 1. HP: 13/13 MP: 3/3
   423 | D:1      | Gained mutation: You have a small tail. [demonic ancestry]
   423 | D:1      | Reached XP level 2. HP: 19/19 MP: 1/5
   529 | D:$      | Got out of the dungeon alive.

Illustrated notes

Levels and vault maps discovered:
D:1:      dpeg_arrival_short_road, layout_basic,
          chequers_ecumenical_altar_simple_redux

Action                   || total
-------------------------++-------
Melee: Spear             ||    14
 Cast: Foxfire           ||    16
Armor: Robe              ||     7
Dodge: Dodged            ||    10

Table legend: (Time is in decaauts)
 A = Elapsed time spent in this place.
 B = Non-inter-level travel time spent in this place.
 C = Inter-level travel time spent in this place.
 D = Time resting spent in this place.
 E = Time spent auto-exploring this place.
 F = Levels seen in this place.
 G = Mean time per level.
                   A        B        C        D        E       F      G
               +--------+--------+--------+--------+--------+-----+--------+
         Total |    529 |    424 |    105 |      0 |    348 |   1 |  529.0 |
       Dungeon |    529 |    424 |    105 |      0 |    348 |   1 |  529.0 |
               +--------+--------+--------+--------+--------+-----+--------+

Top non-repeatable levels by time:
     D:1: 529 daAuts
